 Dungeon Crawl Stone Soup version 0.22.1-6-g1668fe2 (webtiles) character file.

235144 Kairos the Peltast (level 19, -5/105 HPs)
             Began as a Vine Stalker Fighter on Jan 27, 2019.
             Was a High Priest of Okawaru.
             Killed from afar by a deep elf knight (25 damage)
             ... with a shard of ice
             ... on level 2 of the Elven Halls.
             The game lasted 02:05:52 (32844 turns).

Kairos the Peltast (Vine Stalker Fighter)          Turns: 32844, Time: 02:05:52

Health: -5/105     AC: 16    Str: 25    XL:     19   Next: 16%
Magic:  0/24       EV: 18    Int:  4    God:    Okawaru [*****.]
Gold:   111        SH: 32    Dex: 20    Spells: 18/18 levels left

rFire    + . .     SeeInvis .   b - +6 demon whip (flame)
rCold    . . .     Gourm    .   X - +10 large shield of Ignorance {rN+ Int-4}
rNeg     + . .     Faith    +   T - +2 plate armour "Astees" {+Blink rPois rF+}
rPois    +         Spirit   +   (no helmet)
rElec    .         Reflect  .   S - scarf {cloud immunity}
rCorr    .         Harm     .   n - +0 pair of gloves of Qaalakk {Dex+4}
MR       ++...                  y - +2 pair of boots
Stlth    ..........             c - amulet of faith
HPRegen  1.07/turn              L - +5 ring of evasion
MPRegen  0.19/turn              J - +3 ring of evasion

@: studying Spellcasting
A: fangs 3, deformed body, regeneration 2, magic shield, antimagic bite, no
potion heal 3, rot immunity
}: 2/15 runes: barnacled, gossamer
a: Heroism, Finesse, Renounce Religion, Evoke Blink


You were on level 2 of the Elven Halls.
You worshipped Okawaru.
Okawaru was extremely pleased with you.
You were full.

You visited 6 branches of the dungeon, and saw 29 of its levels.
You visited the Abyss 1 time.

You collected 2546 gold pieces.
You spent 2435 gold pieces at shops.

Inventory:

Hand Weapons
 b - a +6 demon whip of flaming (weapon)
 e - a +2 demon whip of venom
 l - the +9 eveningstar of Erphum {protect, Int+7}
   (Okawaru gifted it to you on level 6 of the Lair of Beasts)

   It protects the one who uses it against injury (+AC on strike).
   It affects your intelligence (+7).
 K - the +1 broad axe of the Three Lovers {drain, *Noise MR+ Int+4}
   (Okawaru gifted it to you on level 3 of the Lair of Beasts)

   A truly terrible weapon, it drains the life of those it strikes.
   It affects your intelligence (+4).
   It affects your resistance to hostile enchantments.
   It may make noises in combat.
 W - a +3 broad axe of flaming
Missiles
 Y - 2 silver javelins (quivered)
Armour
 n - the +0 pair of gloves of Qaalakk (worn) {Dex+4}
   (Okawaru gifted it to you on level 1 of the Elven Halls)

   It affects your dexterity (+4).
 y - a +2 pair of boots (worn)
 S - a scarf of cloud immunity (worn)
 T - the +2 plate armour "Astees" (worn) {+Blink rPois rF+}
   (You bought it in a shop on level 1 of the Shoals)

   It protects you from fire.
   It protects you from poison.
   It lets you blink.
 X - the +10 large shield of Ignorance (worn) {rN+ Int-4}
   (You found it on level 1 of the Orcish Mines)

   It affects your intelligence (-4).
   It protects you from negative energy.
Jewellery
 c - an amulet of faith (around neck)
 u - an uncursed ring of protection from magic
 D - an uncursed ring of protection from cold
 E - an uncursed ring of resist corrosion
 J - a +3 ring of evasion (right hand)
 L - a +5 ring of evasion (left hand)
 N - the amulet of Vagrin {rC+ Regen+ Str-5 Int+2 Dex+3}
   (You found it on level 1 of the Spider Nest)

   [amulet of regeneration]

   It affects your strength (-5).
   It affects your intelligence (+2).
   It affects your dexterity (+3).
   It protects you from cold.
   It increases your rate of regeneration.
 Z - an uncursed ring of positive energy
Wands
 x - a wand of acid (22)
 z - a wand of paralysis (18)
 A - a wand of disintegration (26)
 B - a wand of polymorph (13)
 H - a wand of iceblast (45)
Scrolls
 a - a scroll of brand weapon
 j - 6 scrolls of immolation
 p - a scroll of fear
 r - 10 scrolls of remove curse
 s - 3 scrolls of holy word
 w - 3 scrolls of fog
 C - 2 scrolls of magic mapping
 I - a scroll of silence
 M - 3 scrolls of teleportation
 O - 2 scrolls of blinking
 Q - 4 scrolls of amnesia
 U - a scroll of enchant armour
Potions
 d - 3 potions of might
 g - 2 potions of mutation
 h - 5 potions of lignification
 i - 2 potions of curing
 k - a potion of invisibility
 o - 3 potions of agility
 q - 2 potions of berserk rage
 t - a potion of cancellation
 v - a potion of magic
 F - 2 potions of brilliance
 G - 4 potions of haste
 P - 2 potions of resistance
 R - a potion of flight
 V - 5 potions of ambrosia
Books
 m - a manual of Spellcasting
Comestibles
 f - 22 rations


   Skills:
 + Level 13.5 Fighting
 + Level 11.7(14.7) Axes
 - Level 14.8(16.2) Maces & Flails
 + Level 10.0 Armour
 + Level 6.5 Dodging
 + Level 3.6 Stealth
 + Level 16.0 Shields
 + Level 6.0 Invocations
 + Level 1.1 Evocations


You had 18 spell levels left.
You didn't know any spells.
Your spell library contained the following spells:

 Spells                   Type           Power        Failure   Level  Hunger
 Beastly Appendage        Tmut           #.....       100%        1    ##.....
 Flame Tongue             Conj/Fire      #....        100%        1    ##.....
 Infusion                 Chrm           #...         100%        1    ##.....
 Magic Dart               Conj           #...         100%        1    ##.....
 Blink                    Tloc           N/A          100%        2    ###....
 Call Imp                 Summ           #.......     100%        2    ###....
 Shroud of Golubria       Chrm/Tloc      #.........   100%        2    ###....
 Slow                     Hex            #.......     100%        2    ###....
 Song of Slaying          Chrm           #.......     100%        2    ###....
 Sticks to Snakes         Tmut           #.......     100%        2    ###....
 Throw Flame              Conj/Fire      #.....       100%        2    ###....
 Conjure Flame            Conj/Fire      #.......     100%        3    ####...
 Ignite Poison            Fire/Tmut/Pois #.......     100%        3    ####...
 Inner Flame              Hex/Fire       #.......     100%        3    ####...
 Mephitic Cloud           Conj/Pois/Air  #.......     100%        3    ####...
 Regeneration             Chrm/Necr      #.........   100%        3    ####...
 Spectral Weapon          Hex/Chrm       #.......     100%        3    ####...
 Spider Form              Tmut/Pois      #.........   100%        3    ####...
 Stone Arrow              Conj/Erth      #.....       100%        3    ####...
 Cause Fear               Hex            #.........   100%        4    #####..
 Ice Form                 Ice/Tmut       #.......     100%        4    #####..
 Petrify                  Tmut/Erth      #.......     100%        4    #####..
 Sticky Flame             Conj/Fire      #.......     100%        4    #####..
 Blade Hands              Tmut           #.........   100%        5    ######.
 Fireball                 Conj/Fire      #.........   100%        5    ######.
 Bolt of Fire             Conj/Fire      #.........   100%        6    #######
 Iron Shot                Conj/Erth      #.........   100%        6    #######
 Statue Form              Tmut/Erth      #........    100%        6    #######
 Dragon Form              Tmut           #.........   100%        7    #######
 Ring of Flames           Chrm/Fire      #.........   100%        7    #######
 Dragon's Call            Summ           #.........   100%        9    #######


Dungeon Overview and Level Annotations

Branches:
Dungeon (11/15)            Temple (0/1) D:7            Lair (6/6) D:10
 Shoals (4/4) Lair:3       Spider (4/4) Lair:4        Slime (0/5) Lair:6
    Orc (2/2) D:11            Elf (2/3) Orc:2

Altars:
Ashenzari
Dithmenos
Elyvilon
Gozag
Kikubaaqudgha
Okawaru
Trog
Xom
Yredelemnul
Beogh

Shops:
Orc:2 **=[   Elf:1 !?*%   Elf:2 =   Shoals:1 [   Shoals:2 *   Shoals:3 !

Annotations:
Lair:6 exclusion: 4 oklob plants
Orc:1 exclusion: 4 orange crystal statues


Innate Abilities, Weirdness & Mutations

You have razor-sharp teeth.
You heal very quickly.
When hurt, damage is shared between your health and your magic reserves.
Your bite disrupts and absorbs the magic of your enemies.
Potions cannot restore your health.
You are immune to rotting.
Armour fits poorly on your strangely shaped body.


Message History

The shard of ice hits something.
Aiming: Iceblast
Press: ? - help, Shift-Dir - straight line, f - trident of freezing
Aim: a trident of freezing The mass of ice explodes!
The iceblast engulfs the trident of freezing.
The trident of freezing partially resists.
The trident of freezing is moderately damaged.
The iceblast engulfs something. x2
You hear a shout!
You hear some strange, mumbled words.
A shard of ice appears from out of thin air!
You block the shard of ice.
The trident of freezing closely misses you.
You block the trident of freezing's attack.
You block the trident of freezing's attack.
The trident of freezing hits you but does no damage.
You hear some strange, mumbled words.
A shard of ice appears from out of thin air!
The shard of ice hits you!
You die...

#.##...#...##.# #.............
#..)...#......###.............
#...#..#..#...##..............
##.#..###).#.##......)........
#.#...#.#...#.##..............
##.#.......#.####....#..).....
####'''''#### ##...###)......
#...........###(..## ##......
............@#.....###.......
......#.............#........
....#####....................
......#...........)..........
.##.....##....##...##...##..
##...####..####.####.## #.
##### #### ### ### #


There were no monsters in sight!

Vanquished Creatures
  Saint Roka (Orc:2)
  Nikola (Shoals:4)
  A hellephant (Abyss:3)
  A lich (Abyss:3)
  A kraken (Shoals:1)
  The ghost of bmj180 the Fencer, an adept MiFi of Wu Jian (Shoals:3)
  Roxanne (Shoals:3)
  The ghost of Yxynavorch the Alchemist, an adept DsTm of Wu Jian (Spider:4)
  A deep elf sorcerer (Elf:1)
  2 ghost moths (Spider:4)
  3 emperor scorpions
  2 orc warlords (Orc:2)
  A deep elf elementalist (Elf:2)
  An entropy weaver (Spider:2)
  3 spark wasps (Spider:4)
  Snorg (Lair:3)
  An ettin (Orc:2)
  5 merfolk javelineers (Shoals:4)
  A blizzard demon (Abyss:3)
  11 merfolk impalers
  Fannar (D:11)
  A naga warrior (Abyss:3)
  6 hydras
  A rakshasa (Abyss:3)
  3 merfolk avatars
  Harold (Lair:1)
  A centaur warrior (D:11)
  3 alligator snapping turtles
  5 catoblepae
  2 two-headed ogres
  19 dancing weapons
  3 satyrs
  2 merfolk aquamancers (Shoals:4)
  4 orc high priests (Orc:2)
  11 death yaks
  A thrashing horror (Abyss:3)
  Nergalle (Lair:1)
  A shadow wraith (Abyss:3)
  6 deep elf knights
  A sun demon (Abyss:3)
  Sonja (Lair:2)
  11 sea snakes
  A sixfirhy (Abyss:3)
  A glowing orange brain (Abyss:3)
  3 orc knights (Orc:2)
  4 deep elf archers
  5 harpies (Shoals:4)
  11 orb spiders
  A mana viper (Abyss:3)
  24 deep elf magi
  25 wolf spiders
  An ugly thing (D:11)
  5 orc sorcerers
  9 fauns
  6 cyclopes
  A slime creature (Lair:6)
  3 moths of wrath
  A large abomination (Abyss:3)
  12 manticores
  6 elephants
  7 water nymphs
  11 merfolk sirens
  7 black mambas
  10 spiny frogs
  2 torpor snails
  A hellion (Abyss:3)
  3 rime drakes
  8 demonic crawlers
  2 kobold demonologists
  6 komodo dragons
  An ancient zyme (Abyss:3)
  2 jumping spiders (shapeshifter)
  5 trolls
  40 merfolk
  7 wind drakes
  2 polar bears (Lair:6)
  12 hornets
  29 jumping spiders
  3 blink frogs (Lair:1)
  4 raiju (Abyss:3)
  10 dream sheep
  11 hippogriffs
  7 snapping turtles
  2 wraiths (D:11)
  4 ynoxinuls (Abyss:3)
  38 tarantellas
  4 starcursed masses (Abyss:3)
  A shadow (D:10)
  A wyvern (Lair:2)
  57 redbacks
  2 air elementals (Elf:2)
  24 yaks
  A tarantella (shapeshifter) (Elf:1)
  12 water elementals
  3 hogs (D:9)
  A human (D:9)
  A vampire (D:11)
  4 basilisks
  2 neqoxecs (Abyss:3)
  A steam dragon (D:9)
  2 hungry ghosts
  6 fire elementals
  5 wargs (Orc:2)
  18 water moccasins
  38 orc warriors
  15 porcupines
  3 sky beasts
  3 ice beasts
  2 black bears
  2 phantoms
  3 wolves (D:10)
  15 ogres
  8 centaurs
  21 crocodiles
  2 big kobolds
  2 earth elementals
  16 bullfrogs
  A wyvern skeleton (D:8)
  6 scorpions
  2 small abominations (Abyss:3)
  A water moccasin skeleton (D:11)
  5 killer bees (D:8)
  A howler monkey (D:10)
  5 electric eels
  4 crimson imps
  4 jellies
  A quasit (Abyss:3)
  36 orc priests
  2 centaur skeletons
  A gnoll shaman (D:5)
  Crazy Yiuf (D:6)
  5 hounds
  28 orc wizards
  2 iron imps (Abyss:3)
  2 bullfrog skeletons
  4 iguanas
  2 hell rats (Lair:3)
  14 worker ants
  A killer bee zombie (D:8)
  2 hound zombies
  A hound skeleton (D:7)
  3 worker ant zombies
  5 gnolls (D:5)
  23 adders
  8 river rats (Lair:3)
  4 shadow imps
  5 worms
  An adder skeleton (D:4)
  4 leopard geckos
  150 orcs
  6 giant cockroaches
  5 goblins
  9 hobgoblins
  7 jackals
  13 kobolds
  6 quokkas
  21 bats
  5 frilled lizards
  A jackal skeleton (D:8)
  A jackal zombie (D:5)
  2 leopard gecko skeletons
  A quokka skeleton (D:4)
  3 quokka zombies
  12 rats
  A fungus (D:5)
  2 plants (Shoals:4)
  4 tentacles (Shoals:1)
1186 creatures vanquished.

Vanquished Creatures (others)
  A merfolk aquamancer (Shoals:3)
  A jumping spider (Spider:1)
  5 dream sheep (Lair:2)
  A tarantella (Spider:1)
  2 water elementals
  An orc warrior (Orc:2)
  11 fungi
  21 plants
  22 tentacles (Shoals:1)
65 creatures vanquished.

Grand Total: 1251 creatures vanquished

Notes
Turn   | Place    | Note
-------+----------+-------------------------------------------
     0 | D:1      | Kairos the Vine Stalker Fighter began the quest for the
                  | Orb.
     0 | D:1      | Reached XP level 1. HP: 11/11 MP: 2/2
    74 | D:1      | Reached XP level 2. HP: 13/16 MP: 3/3
   115 | D:1      | Reached skill level 3 in Shields
   431 | D:2      | Reached XP level 3. HP: 19/19 MP: 4/4
   446 | D:2      | Found an ancient bone altar of Kikubaaqudgha.
   446 | D:2      | Found a basalt altar of Yredelemnul.
   448 | D:2      | Found a shadowy altar of Dithmenos.
   452 | D:2      | Found a white marble altar of Elyvilon.
   452 | D:2      | Found a shattered altar of Ashenzari.
   452 | D:2      | Found a shimmering altar of Xom.
   454 | D:2      | Found a bloodstained altar of Trog.
   455 | D:2      | Found an iron altar of Okawaru.
   457 | D:2      | Found an opulent altar of Gozag.
   463 | D:2      | Became a worshipper of Warmaster Okawaru
   641 | D:2      | Gained mutation: Your natural rate of healing is unusually
                  | fast. [Vine Stalker growth]
   641 | D:2      | Reached XP level 4. HP: 13/23 MP: 5/5
  1054 | D:3      | Reached XP level 5. HP: 28/28 MP: 6/6
  1608 | D:3      | Reached XP level 6. HP: 29/32 MP: 7/7
  2041 | D:4      | Reached skill level 1 in Dodging
  2468 | D:4      | Found a shadowy altar of Dithmenos.
  2596 | D:4      | Reached * piety under Okawaru
  2648 | D:5      | Entered Level 5 of the Dungeon
  2748 | D:5      | Reached XP level 7. HP: 27/36 MP: 6/8
  2786 | D:5      | Reached skill level 4 in Shields
  3210 | D:5      | Reached skill level 5 in Axes
  3210 | D:5      | Reached skill level 1 in Maces & Flails
  3257 | D:5      | Gained mutation: You have razor-sharp teeth. [Vine Stalker
                  | growth]
  3257 | D:5      | Reached XP level 8. HP: 42/42 MP: 9/9
  3570 | D:5      | Reached ** piety under Okawaru
  4157 | D:6      | Found a runed door.
  4534 | D:6      | Noticed Crazy Yiuf
  4542 | D:6      | Killed Crazy Yiuf
  4699 | D:7      | Noticed a hippogriff
  4710 | D:7      | Killed a hippogriff
  4862 | D:6      | Reached skill level 5 in Shields
  4872 | D:6      | Reached XP level 9. HP: 38/46 MP: 8/10
  5141 | D:7      | Reached skill level 5 in Armour
  5349 | D:7      | Reached skill level 1 in Stealth
  5373 | D:7      | Found a staircase to the Ecumenical Temple.
  5453 | D:7      | Noticed a troll
  5465 | D:7      | Killed a troll
  5465 | D:7      | Reached skill level 5 in Fighting
  5524 | D:7      | Reached *** piety under Okawaru
  5524 | D:7      | Reached skill level 5 in Maces & Flails
  5947 | D:8      | Reached skill level 6 in Shields
  6592 | D:8      | Reached XP level 10. HP: 51/51 MP: 11/11
  7123 | D:9      | Reached **** piety under Okawaru
  7684 | D:9      | Reached skill level 7 in Shields
  7969 | D:10     | Entered Level 10 of the Dungeon
  8118 | D:10     | Reached ***** piety under Okawaru
  8160 | D:10     | Reached XP level 11. HP: 28/56 MP: 5/12
  8226 | D:10     | Found a staircase to the Lair.
  8457 | D:10     | Paralysed by a hornet for 1 turns
  8617 | D:10     | Found a roughly hewn altar of Beogh.
  8795 | Lair:1   | Entered Level 1 of the Lair of Beasts
  8990 | Lair:1   | Received a gift from Okawaru
  9158 | Lair:1   | Noticed Harold
  9178 | Lair:1   | Killed Harold
  9178 | Lair:1   | Reached skill level 8 in Shields
  9178 | Lair:1   | Reached skill level 1 in Invocations
  9347 | Lair:1   | Noticed Nergalle
  9372 | Lair:1   | Killed Nergalle
 10238 | Lair:2   | Reached skill level 10 in Maces & Flails
 10782 | Lair:2   | Noticed Sonja
 10792 | Lair:2   | Killed Sonja
 10844 | Lair:2   | Reached skill level 9 in Shields
 10915 | Lair:2   | Gained mutation: You heal very quickly. [Vine Stalker
                  | growth]
 10915 | Lair:2   | Reached XP level 12. HP: 47/62 MP: 13/13
 10940 | Lair:2   | Found a shimmering altar of Xom.
 11558 | Lair:3   | Received a gift from Okawaru
 11561 | Lair:3   | Got a slimy broad axe {god gift}
 11562 | Lair:3   | Identified the +1 broad axe of the Three Lovers {drain,
                  | *Noise MR+ Int+4} (Okawaru gifted it to you on level 3 of
                  | the Lair of Beasts)
 11624 | Lair:3   | Noticed Snorg
 11646 | Lair:3   | Killed Snorg
 12001 | Lair:3   | Found a staircase to the Shoals.
 12159 | Lair:3   | Noticed a five-headed hydra
 12174 | Lair:3   | Killed a five-headed hydra
 12691 | Lair:4   | Noticed a five-headed hydra
 12718 | Lair:4   | Killed a five-headed hydra
 12807 | Lair:4   | Found a hole to the Spider Nest.
 12854 | Lair:4   | Noticed a catoblepas
 12878 | Lair:4   | Killed a catoblepas
 12878 | Lair:4   | Reached skill level 10 in Shields
 13280 | Lair:4   | Noticed an eight-headed hydra
 13290 | Lair:4   | Killed an eight-headed hydra
 13290 | Lair:4   | Received a gift from Okawaru
 13347 | Lair:4   | Reached XP level 13. HP: 57/68 MP: 11/15
 14143 | Lair:5   | Received a gift from Okawaru
 14248 | Lair:5   | Found the +2 ratskin cloak {+Rats rPois rN+ Str-1 Int-1
                  | Dex+1}
 15061 | Lair:6   | Entered Level 6 of the Lair of Beasts
 15084 | Lair:6   | Found a staircase to the Slime Pits.
 15114 | Lair:6   | Received a gift from Okawaru
 15169 | Lair:6   | Received a gift from Okawaru
 15364 | Lair:6   | Reached skill level 11 in Shields
 15364 | Lair:6   | Reached XP level 14. HP: 74/74 MP: 16/16
 16359 | Lair:6   | Received a gift from Okawaru
 16393 | Lair:6   | Got an ancient eveningstar {god gift}
 16394 | Lair:6   | Identified the +9 eveningstar of Erphum {protect, Int+7}
                  | (Okawaru gifted it to you on level 6 of the Lair of Beasts)
 16931 | Spider:1 | Entered Level 1 of the Spider Nest
 17186 | Spider:1 | Reached skill level 5 in Dodging
 17343 | Spider:1 | Received a gift from Okawaru
 17833 | Spider:1 | Noticed an emperor scorpion
 17858 | Spider:1 | Killed an emperor scorpion
 18047 | Spider:1 | Got a slimy silver amulet
 18048 | Spider:1 | Identified the amulet of Vagrin {rC+ Regen+ Str-5 Int+2
                  | Dex+3} (You found it on level 1 of the Spider Nest)
 18315 | Spider:2 | Received a gift from Okawaru
 18338 | Spider:2 | Reached XP level 15. HP: 76/80 MP: 18/18
 18371 | Spider:2 | HP: 1/80 [entropy weaver (6)]
 19124 | Spider:3 | Found a runed door.
 19179 | Spider:3 | Reached skill level 12 in Shields
 19418 | Spider:3 | Reached skill level 10 in Fighting
 19473 | Spider:3 | Noticed an emperor scorpion
 19494 | Spider:3 | Killed an emperor scorpion
 20183 | Spider:3 | Received a gift from Okawaru
 20194 | Spider:3 | Got a faintly glowing battleaxe {god gift}
 20200 | Spider:3 | Identified the +7 battleaxe "Killer Klown's Foe" {protect,
                  | rC+ Int+6 SInv Stlth+} (Okawaru gifted it to you on level 3
                  | of the Spider Nest)
 20278 | Spider:3 | Reached ****** piety under Okawaru
 20335 | Spider:4 | Entered Level 4 of the Spider Nest
 20790 | Spider:4 | Received a gift from Okawaru
 20935 | Spider:4 | Found a large runed door.
 20935 | Spider:4 | Found a large runed door.
 20935 | Spider:4 | Noticed Yxynavorch's ghost (adept DsTm)
 21013 | Spider:4 | Killed Yxynavorch's ghost
 21019 | Spider:4 | Got a sparkling ruby amulet
 21029 | Spider:4 | Identified the amulet of the Ban {Gourm Int+3} (You found
                  | it on level 4 of the Spider Nest)
 21323 | Spider:4 | Reached XP level 16. HP: 76/86 MP: 16/19
 21442 | Spider:4 | Received a gift from Okawaru
 21664 | Spider:4 | Got a gossamer rune of Zot
 22082 | Lair:4   | Got a crude morningstar {god gift}
 22083 | Lair:4   | Identified the +0 morningstar of the Badger {crush, rPois
                  | Stlth+} (Okawaru gifted it to you on level 4 of the Lair of
                  | Beasts)
 22211 | Shoals:1 | Entered Level 1 of the Shoals
 22320 | Shoals:1 | Reached skill level 1 in Evocations
 22349 | Shoals:1 | Noticed a kraken
 22393 | Shoals:1 | Killed a kraken
 22452 | Shoals:1 | Received a gift from Okawaru
 22638 | Shoals:1 | Reached skill level 13 in Shields
 22757 | Shoals:1 | Found Fumof's Armour Shop.
 22767 | Shoals:1 | Bought the +2 plate armour "Astees" {+Blink rPois rF+} for
                  | 989 gold pieces
 23232 | Shoals:2 | Found Doerext's General Store.
 23252 | Shoals:2 | Bought a scroll of enchant weapon for 142 gold pieces
 23252 | Shoals:2 | Bought a potion of mutation for 152 gold pieces
 23982 | Shoals:3 | Received a gift from Okawaru
 24039 | Shoals:3 | Found a transporter.
 24042 | Shoals:3 | Noticed bmj180's ghost (adept MiFi)
 24043 | Shoals:3 | Found a transporter.
 24238 | Shoals:3 | Noticed Roxanne
 24269 | Shoals:3 | Killed Roxanne
 24323 | Shoals:3 | Identified Roxanne's Incunabulum of the Mountains (You took
                  | it off Roxanne on level 3 of the Shoals)
 24738 | Shoals:3 | Reached XP level 17. HP: 53/93 MP: 14/21
 24907 | Shoals:3 | Found Coet Doj's Distillery.
 25144 | Shoals:3 | Killed bmj180's ghost
 25144 | Shoals:3 | Received a gift from Okawaru
 25144 | Shoals:3 | Reached skill level 10 in Axes
 25182 | Shoals:3 | Identified a scroll of acquirement
 25184 | Shoals:3 | Got a warped helmet
 25190 | Shoals:3 | Identified the cursed -4 helmet "Caopekix" {MP+9} (You
                  | found it on level 3 of the Shoals)
 25212 | Shoals:3 | Got a heavily runed buckler
 25223 | Shoals:3 | Identified the +2 buckler of Boredom {*Drain rC+ Str+5
                  | Int+3} (You acquired it on level 3 of the Shoals)
 25270 | Shoals:4 | Entered Level 4 of the Shoals
 25270 | Shoals:4 | Noticed Nikola
 25291 | Shoals:4 | Killed Nikola
 25452 | Shoals:4 | Reached skill level 5 in Invocations
 25566 | Shoals:4 | Reached skill level 14 in Shields
 25894 | Shoals:4 | Received a gift from Okawaru
 26189 | Shoals:4 | Got a barnacled rune of Zot
 26444 | Shoals:4 | Got a pair of bloodstained gloves
 26455 | Shoals:4 | Identified the +0 pair of gloves "Jezeizya" {rF+ MR+++
                  | Int-3} (You found it on level 4 of the Shoals)
 27338 | D:11     | Found a staircase to the Orcish Mines.
 27677 | D:11     | Noticed Fannar
 27696 | D:11     | Killed Fannar
 27696 | D:11     | Received a gift from Okawaru
 27696 | D:11     | Reached XP level 18. HP: 99/99 MP: 23/23
 27814 | Orc:1    | Entered Level 1 of the Orcish Mines
 27948 | Orc:1    | Found a runed door.
 27952 | Orc:1    | Found the +10 large shield of Ignorance {rN+ Int-4}
 27964 | Orc:1    | Found a runed door.
 28574 | Orc:2    | Entered Level 2 of the Orcish Mines
 28588 | Orc:2    | Noticed Saint Roka
 28592 | Orc:2    | Lost intelligence.
 28742 | Orc:2    | Killed Saint Roka
 28742 | Orc:2    | Received a gift from Okawaru
 28770 | Orc:2    | Lost intelligence.
 29310 | Orc:2    | Found a roughly hewn altar of Beogh.
 29427 | Orc:2    | Found Seac's Assorted Antiques.
 29458 | Orc:2    | Found Saolaloq's General Store.
 29793 | Orc:2    | Found Agudduyrru's Antique Armour Emporium.
 29823 | Orc:2    | Found a roughly hewn altar of Beogh.
 30015 | Orc:2    | Found Jastis's Jewellery Shop.
 30023 | Orc:2    | Bought an uncursed amulet of faith for 520 gold pieces
 30254 | Orc:2    | Identified the Catalogue of Augmentations and Ignition
 30307 | Orc:2    | Found a staircase to the Elven Halls.
 30546 | Elf:1    | Entered Level 1 of the Elven Halls
 30675 | Elf:1    | Reached skill level 15 in Shields
 30847 | Elf:1    | Found Xoqous's Food Boutique.
 30847 | Elf:1    | Found Denur's Distillery.
 30858 | Elf:1    | Found Iggexad's Magic Scroll Shop.
 30873 | Elf:1    | Received a gift from Okawaru
 30880 | Elf:1    | Found Qeefath's General Store.
 30919 | Elf:1    | Got a pair of jewelled gloves {god gift}
 30925 | Elf:1    | Identified the +0 pair of gloves of Qaalakk {Dex+4}
                  | (Okawaru gifted it to you on level 1 of the Elven Halls)
 30947 | Elf:1    | Bought a scroll of enchant weapon for 120 gold pieces
 30964 | Elf:1    | Bought a scroll of identify for 32 gold pieces
 30964 | Elf:1    | Bought 3 scrolls of enchant weapon for 360 gold pieces
 30964 | Elf:1    | Bought a scroll of blinking for 120 gold pieces
 31175 | Elf:1    | Cast into level 3 of the Abyss (a deep elf sorcerer)
 31614 | Abyss:3  | Gained mutation: Armour fits poorly on your strangely
                  | shaped body. [a neqoxec]
 31715 | Abyss:3  | Noticed a lich
 31720 | Abyss:3  | Paralysed by accursed screaming for 1 turns
 31733 | Abyss:3  | Killed a lich
 31745 | Abyss:3  | Noticed a hellephant
 31766 | Abyss:3  | Killed a hellephant
 31768 | Elf:1    | Escaped the Abyss
 32066 | Elf:1    | Received a gift from Okawaru
 32085 | Elf:1    | Reached skill level 10 in Armour
 32323 | Elf:2    | Reached XP level 19. HP: 103/105 MP: 24/24
 32552 | Elf:2    | Found Qemupp's Jewellery Emporium.
 32729 | Elf:2    | Found a huge runed gate.
 32729 | Elf:2    | Found a huge runed gate.
 32730 | Elf:2    | Found a huge runed gate.
 32731 | Elf:2    | Found a huge runed gate.
 32736 | Elf:2    | Found a huge runed gate.
 32799 | Elf:2    | Reached skill level 16 in Shields
 32844 | Elf:2    | Killed from afar by a deep elf knight

Skill      XL: |  1  2  3  4  5  6  7  8  9 10 11 12 13 14 15 16 17 18 19 |
---------------+----------------------------------------------------------+-----
Shields        | 3 4 5 6 7 9 10 11 12 13 14 15 16 | 16.0
Axes           | 2 3 4 5 7 9 10 11 | 11.7
Armour         | 3 4 5 6 7 8 9 10 | 10.0
Fighting       | 3 4 5 6 7 8 9 10 11 12 13 | 13.5
Dodging        | 1 2 3 4 5 6 |  6.5
Maces & Flails | 1 3 5 8 10 11 12 13 14 | 14.8
Stealth        | 1 2 3 |  3.6
Invocations    | 1 2 3 4 5 6 |  6.0
Evocations     | 1 |  1.1

Action                   |  1- 3 |  4- 6 |  7- 9 | 10-12 | 13-15 | 16-18 | 19-21 || total
-------------------------+-------+-------+-------+-------+-------+-------+-------++-------
Melee: War axe           |    85 |   169 |    31 |       |       |       |       ||   285
       Bite              |    30 |    47 |   122 |   282 |   453 |   971 |    50 ||  1955
       Flail             |       |       |   372 |   622 |       |       |       ||   994
       Executioner's axe |       |       |    20 |       |       |       |       ||    20
       Broad axe         |       |       |       |   138 |    83 |   298 |       ||   519
       Demon whip        |       |       |       |       |   531 |  1628 |   109 ||  2268
       Eveningstar       |       |       |       |       |   416 |   393 |       ||   809
       Battleaxe         |       |       |       |       |    90 |       |       ||    90
Invok: Heroism           |       |       |     4 |    17 |    31 |    35 |       ||    87
       Finesse           |       |       |       |     1 |     8 |    15 |       ||    24
 Abil: Evoke Ratskin     |       |       |       |       |       |     1 |       ||     1
       Evoke Blink       |       |       |       |       |       |     1 |       ||     1
Evoke: Wand              |       |       |       |     3 |     1 |       |     1 ||     5
  Use: Scroll            |     3 |     4 |     2 |     2 |    16 |    26 |     1 ||    54
       Potion            |       |       |       |       |     3 |     3 |       ||     6
 Stab: Held in net/web   |       |       |       |     2 |       |       |       ||     2
       Distracted        |       |       |       |       |     1 |     1 |       ||     2
       Sleeping          |       |       |       |       |     2 |       |       ||     2
  Eat: Chunk             |       |     6 |    13 |    10 |     3 |     5 |       ||    37
       Ration            |       |       |     2 |     4 |     7 |    10 |     2 ||    25
Armor: Scale mail        |    45 |    76 |   150 |       |       |       |       ||   271
       Chain mail        |       |       |    54 |   157 |       |       |       ||   211
       Ring mail         |       |       |       |   119 |   179 |       |       ||   298
       Plate armour      |       |       |       |       |   170 |   380 |    13 ||   563
Dodge: Dodged            |    32 |    50 |   133 |   347 |   687 |   762 |    21 ||  2032
Block: Shield            |    36 |   102 |   258 |   576 |   724 |   698 |       ||  2394
       Buckler           |       |       |       |       |       |   181 |       ||   181
       Large shield      |       |       |       |       |       |   728 |   114 ||   842
